 Dungeon Crawl Stone Soup version 0.29.1-12-g30fa7ad0bf (webtiles) character file.

Game seed: 17112049308346966857

100 GameOver the Conjurer (level 4, 0/36 HPs)
             Began as a Naga Hedge Wizard on Jan 14, 2023.
             Slain by Grinder (3 damage)
             ... on level 3 of the Dungeon.
             The game lasted 00:10:36 (1742 turns).

GameOver the Conjurer (Naga Hedge Wizard)           Turns: 1742, Time: 00:10:37

Health: 0/36       AC:  3    Str: 11 (12) XL:     4   Next: 74%
Magic:  1/17       EV:  9    Int: 15 (17) God:
Gold:   150        SH:  0    Dex:  7 (10) Spells: 3/9 levels left

rFire   . . .      SeeInvis +   w - +4 dagger (venom)
rCold   . . .      Faith    .   (no shield)
rNeg    + . .      Spirit   .   b - +1 robe "Jewips" {rN+}
rPois   +          Reflect  .   c - +0 hat
rElec   .          Harm     .   (no cloak)
rCorr   .          Rampage  .   (no gloves)
Will    .....                   (no barding)
Stlth   ++........              (no amulet)
HPRegen 0.12/turn               o - ring of magical power
MPRegen 0.15/turn               (no ring)

@: attractive, very slow
A: AC +1, large, see invisible, deformed body, poison resistance, slowness 2,
spit poison 1, naga tail 1
a: Spit Poison


You were on level 3 of the Dungeon.
You visited 1 branch of the dungeon, and saw 3 of its levels.

You collected 150 gold pieces.

Inventory:

Hand Weapons
 w - a +4 dagger of venom (weapon)
Armour
 b - the +1 robe "Jewips" (worn) {rN+}
   (You found it on level 2 of the Dungeon)

   rN:        It protects you from negative energy.
 c - a +0 hat (worn)
Jewellery
 g - an amulet of magic regeneration
 o - a ring of magical power (left hand)
 p - an amulet of regeneration
Scrolls
 e - 4 scrolls of identify {unknown}
 f - 2 scrolls of magic mapping
 i - a scroll of enchant armour {unknown}
 j - a scroll of blinking {unknown}
 k - a scroll of poison
 m - 2 scrolls of enchant weapon
Potions
 d - a potion of magic


   Skills:
 - Level 1.5 Dodging
 - Level 3.0 Stealth
 - Level 3.0 Spellcasting
 + Level 3.7 Conjurations
 - Level 1.0 Summonings
 - Level 1.0 Translocations
 + Level 2.8 Poison Magic


You had 3 spell levels left.
You knew the following spells:

 Your Spells              Type           Power      Damage    Failure   Level
a - Magic Dart            Conj           52%        1d5       4%          1
b - Blink                 Tloc           10%        N/A       21%         2
d - Mephitic Cloud        Conj/Pois/Air  8%         N/A       24%         3

Your spell library contained the following spells:

 Spells                   Type           Power      Damage    Failure   Level
 Apportation              Tloc           10%        N/A       13%         1
 Summon Small Mammal      Summ           20%        N/A       13%         1
 Freeze                   Ice            8%         1d3       21%         1
 Necrotise                Necr           8%         1d4       21%         1
 Slow                     Hex            8%         N/A       21%         1
 Call Imp                 Summ           5%         N/A       21%         2
 Conjure Flame            Conj/Fire      7%         6-21      28%         3
 Frozen Ramparts          Ice            4%         1d1       52%         3
 Hailstorm                Conj/Ice       7%         3d4       67%         4


Dungeon Overview and Level Annotations

Branches:
Dungeon (3/15)

Altars:

Annotations:
D:3 1 runed translucent door, Crazy Yiuf, Grinder


Innate Abilities, Weirdness & Mutations

Your serpentine skin is tough. (AC +1)
You have supernaturally acute eyesight. (SInv)
Armour fits poorly on your strangely shaped body.
Your system is resistant to poisons. (rPois)
You cover ground very slowly.
You can spit poison.
You have a snake-like lower body.


Message History

The magic dart hits Grinder.
Grinder is heavily wounded.
Grinder blinks!
Grinder is attracted toward you.
Casting: Magic Dart (safe; 4% risk of failure)
Confirm with . or Enter, or press ? or * to list all spells.
Aiming: Magic Dart (safe; 4% risk of failure)
Press: ? - help, Shift-Dir - straight line, f/p - Grinder
Aim: Grinder (poison gas, heavily wounded, 100% to hit)
The magic dart hits Grinder but does no damage.
Grinder is heavily wounded.
Casting: Magic Dart (safe; 4% risk of failure)
Confirm with . or Enter, or press ? or * to list all spells.
Aiming: Magic Dart (safe; 4% risk of failure)
Press: ? - help, Shift-Dir - straight line, f/p - Grinder
Aim: Grinder (poison gas, heavily wounded, 100% to hit)
The magic dart hits Grinder.
Grinder is heavily wounded.
Grinder hits you but does no damage.
Unknown command.
Casting: Magic Dart (safe; 4% risk of failure)
Confirm with . or Enter, or press ? or * to list all spells.
Aiming: Magic Dart (safe; 4% risk of failure)
Press: ? - help, Shift-Dir - straight line, f/p - Grinder
Aim: Grinder (poison gas, heavily wounded, 100% to hit)
The magic dart hits Grinder but does no damage.
Grinder is heavily wounded.
You feel stable enough to blink again. Grinder closely misses you.
Casting: Magic Dart (safe; 4% risk of failure)
Confirm with . or Enter, or press ? or * to list all spells.
Okay, then.
Casting: Magic Dart (safe; 4% risk of failure)
Confirm with . or Enter, or press ? or * to list all spells.
Aiming: Magic Dart (safe; 4% risk of failure)
Press: ? - help, Shift-Dir - straight line, f/p - Grinder
Aim: Grinder (poison gas, heavily wounded, 100% to hit)
The magic dart hits Grinder.
Grinder is severely wounded.
Grinder hits you.
You die...

******* *,,,* ,,,,,,*
*,,,* ,,,,,,* *,,,*
,,,,,,* *,,,* ,,,,,,*
*,,,* ,,,**** *,,,*
,,,,,,***,^,***
,,,,,,,,+,,,+>##########
+*,**,***,,,*,#§@☼§§§§§#
,*,**,* *,,,*,#§5○§§§§§#
,*,**,* *,,,*,#§§§§§§☼§#
.#.#*,# *,,,*,#§§§§§○§§#
.#.#*.# *****,#☼§§§§§.§#
.#.##.#######,#§☼§§§§§.#
.......##...#.#§☼§§§§§§#
.#..#.#*#...#.#§§○§☼.§○#
......# #...#.##.....###


You could see Grinder.

Vanquished Creatures
  Jessica (D:3)
  3 adders
  2 dart slugs
  5 ball pythons (D:2)
  2 endoplasms
  2 giant cockroaches (D:2)
  5 goblins
  4 hobgoblins
  2 jackals (D:2)
  2 kobolds (D:2)
  3 quokkas (D:2)
  4 bats
  2 frilled lizards
  4 rats
41 creatures vanquished.

Notes
Turn   | Place    | Note
-------+----------+-------------------------------------------
     0 | D:1      | GameOver the Naga Hedge Wizard began the quest for the Orb.
     0 | D:1      | Reached XP level 1. HP: 15/15 MP: 4/4
   183 | D:1      | Found a faded altar of an unknown god.
   577 | D:2      | Reached XP level 2. HP: 22/22 MP: 6/6
   580 | D:2      | Learned a level 2 spell: Blink
   776 | D:2      | Identified the +1 robe "Jewips" {rN+}
   901 | D:2      | Reached XP level 3. HP: 28/28 MP: 5/7
   905 | D:2      | Learned a level 3 spell: Mephitic Cloud
  1267 | D:2      | Reached skill level 1 in Poison Magic
  1470 | D:3      | Reached XP level 4. HP: 36/36 MP: 6/8
  1597 | D:3      | Noticed Jessica
  1601 | D:3      | Killed Jessica
  1638 | D:3      | Found a runed translucent door.
  1639 | D:3      | Noticed Crazy Yiuf
  1709 | D:3      | Noticed Grinder
  1709 | D:3      | Paralysed by Grinder for 3 turns
  1729 | D:3      | Paralysed by Grinder for 4 turns
  1742 | D:3      | Slain by Grinder

Illustrated notes

Levels and vault maps discovered:
D:1:      lightli_arrival_windingriver, layout_loops_ring,
          shapermc_ecumenical_altar_mp_ritualfount
D:2:      minmay_diamond_boxcup, layout_basic, minmay_misc_feat_square
D:3:      layout_basic, uniq_crazy_yiuf_cottage, uniq_jessica, uniq_grinder

Skill      XL: |  1  2  3  4 |
---------------+-------------+-----
Conjurations   | 2 3 |  3.7
Poison Magic   | 1 2 |  2.8
Dodging        | |  1.5
Stealth        | |  3.0
Spellcasting   | |  3.0
Summonings     | |  1.0
Translocations | |  1.0

Action                   |  1- 3 |  4- 6 || total
-------------------------+-------+-------++-------
Melee: Dagger            |    14 |       ||    14
 Cast: Magic Dart        |    49 |    30 ||    79
       Blink             |       |     2 ||     2
 Abil: Spit Poison       |    26 |     5 ||    31
  Use: Scroll            |       |     4 ||     4
       Potion            |       |     2 ||     2
 Stab: Sleeping          |     3 |       ||     3
Armor: Robe              |    17 |     2 ||    19
Dodge: Dodged            |    15 |     4 ||    19
